 Dungeon Crawl Stone Soup version 0.20.1-1-g8b1a95d (console) character file.

7662 hilaritas the Grappler (level 10, -8/105 HPs)
             Began as a Troll Berserker on Dec 11, 2017.
             Was a High Priest of Trog.
             Mangled by a killer bee (13 damage)
             ... on level 9 of the Dungeon.
             The game lasted 00:20:29 (7934 turns).

hilaritas the Grappler (Troll Berserker)            Turns: 7934, Time: 00:20:30

Health: -8/105     AC:  6    Str: 27    XL:     10   Next: 99%
Magic:  9/9        EV: 13    Int:  6    God:    Trog [*****.]
Gold:   492        SH:  0    Dex:  9    Spells: 9/9 levels left

rFire    . . .     SeeInvis +     - Unarmed
rCold    + . .     Gourm    +   (no shield)
rNeg     . . .     Faith    .   a - +0 animal skin
rPois    .         Spirit   .   (helmet restricted)
rElec    .         Reflect  .   s - +0 cloak
rCorr    .         Harm     .   (gloves unavailable)
MR       ++...                  (boots unavailable)
Stlth    +.........             (no amulet)
Regen    1.7/turn               B - ring of protection from cold
MPRegen  0.2/turn               v - ring of see invisible

@: lethally poisoned (-8 -> -9), berserk cooldown, very slightly contaminated,
regenerating, slowed, very slow
A: unfitting armour, claws 3, fast metabolism 3, gourmand, regeneration 1,
shaggy fur 1, tough skin 2
a: Berserk, Trog's Hand, Brothers in Arms, Burn Spellbooks, Renounce Religion


You were on level 9 of the Dungeon.
You worshipped Trog.
Trog was extremely pleased with you.
You were very full.

You visited 1 branch of the dungeon, and saw 9 of its levels.
You also visited: Sewer.

You collected 492 gold pieces.

Inventory:

Hand Weapons
 u - a +1 flail
Missiles
 n - 7 large rocks (quivered)
 y - 8 javelins
Armour
 a - a +0 animal skin (worn)
 s - a +0 cloak (worn)
Jewellery
 e - an uncursed ring of protection from cold
 v - a ring of see invisible (right claw)
 B - a ring of protection from cold (left claw)
 C - an uncursed ring of stealth
Wands
 t - a wand of digging (12/24)
 D - a wand of random effects (17/48)
 F - a wand of lightning (8/15)
 G - a wand of enslavement (9/24)
Scrolls
 g - a scroll of enchant weapon
 i - 2 scrolls of recharging
 k - 3 scrolls of magic mapping
 l - 5 scrolls of identify
 E - 2 scrolls of remove curse
Potions
 c - 2 potions of degeneration {unknown}
 d - a potion of resistance
 f - a potion of haste
 j - a potion of flight {unknown}
 m - 2 potions of heal wounds {unknown}
 o - 2 potions of curing
 p - a potion of mutation {unknown}
 q - a potion of berserk rage {unknown}
 r - 2 potions of lignification {unknown}
 x - a potion of brilliance {unknown}
 A - a potion of might {unknown}
Books
 z - a book of Misfortune

   Spells                             Type                      Level
   a - Confusing Touch                Hexes                        1
   b - Confuse                        Hexes                        3
   c - Gell's Gravitas                Translocation                3
   d - Petrify                        Transmutation/Earth          4
   e - Metabolic Englaciation         Hexes/Ice                    5
   f - Yara's Violent Unravelling     Hexes/Transmutation          5
   Trog disapproves of the use of such an item.
Comestibles
 b - 10 bread rations
 h - 3 meat rations
 w - 2 royal jellies
 H - 2 fruits


   Skills:
 * Level 8.3 Fighting
 * Level 5.2 Armour
 - Level 7.4 Dodging
 - Level 10.0 Unarmed Combat


You had 9 spell levels left.
You didn't know any spells.

Dungeon Overview and Level Annotations

Branches:
Dungeon (9/15)             Temple (0/1) D:7            Lair (0/6) D:8
    Orc: D:9-12

Altars:
Fedhas
Hepliaklqana
Makhleb
Sif Muna
Trog
Xom
Zin

Shops:
D:7 %

Annotations:
D:3 2 transporters
D:9 Gastronok


Innate Abilities, Weirdness & Mutations

You are too large for most types of armour.
You have claws for hands.
Your metabolism is lightning-fast.
You like to eat raw meat.
Your natural rate of healing is unusually fast.
You are covered in fur. (AC +1)
You have very tough skin. (AC +2)


Message History

You hear an angry buzzing noise.
The killer bee stings you.
* * * LOW HITPOINT WARNING * * *
You are poisoned.
The killer bee poisons you!
You hear an angry buzzing noise.
The killer bee stings you!
* * * LOW HITPOINT WARNING * * *
The killer bee stings you!
* * * LOW HITPOINT WARNING * * *
You feel sick. The killer bee completely misses you.
You hear an angry buzzing noise.
The killer bee barely misses you. The killer bee stings you.
* * * LOW HITPOINT WARNING * * *
The killer bee closely misses you.
You feel sick.
You hear an angry buzzing noise.
The killer bee rages.
The killer bee stings you!
You die...

#######.## .........#
.........# ########.##
.###......# ..##.####.##
...#.......## .....#.###..###
.# ......<.......#### ..
......####.##....######.#
......# #......@y....#.# #
......#####.######.#..#.###.#
......))))..######.#).......#
(.....#######.y...........##
......# #F#######(....#
......#######†##))((.(.(>.#
......#.....ryy.(#####.>..#
.....##.....yr...# #....#
S...###........w.# #....#
...## #..........# #....#
#..........# #....#


You could see a killer bee (berserk).

Vanquished Creatures
  3 two-headed ogres
  The ghost of AdmiralAndromeda the Whirler, a novice HaHu of Okawaru (D:8)
  3 hippogriffs
  Sigmund (D:2)
  2 hell hounds (D:8)
  An ice beast (D:8)
  3 orc warriors
  A phantom (D:7)
  Purgy (Sewer)
  3 sky beasts
  6 ogres
  3 centaurs (D:7)
  3 big kobolds
  4 bullfrogs
  A gnoll sergeant (D:7)
  4 scorpions
  8 killer bees (D:9)
  4 wights (D:6)
  2 crimson imps
  A bullfrog zombie (D:6)
  A centaur zombie (D:8)
  7 hounds
  4 jellies
  10 orc wizards
  3 orc priests
  Crazy Yiuf (D:2)
  2 bullfrog skeletons (D:9)
  An iguana (D:7)
  Natasha (thrice) (D:2)
  6 worker ants
  A hound skeleton (D:7)
  Robin (D:4)
  A howler monkey zombie (D:7)
  6 gnolls
  11 adders
  2 shadow imps
  An ooze (D:6)
  2 worms
  An adder skeleton (D:6)
  An adder zombie (D:8)
  A dart slug (D:4)
  5 leopard geckos
  29 orcs
  7 bats
  7 giant cockroaches
  12 goblins
  7 hobgoblins
  7 jackals
  40 kobolds
  4 quokkas
  2 ball pythons
  7 frilled lizards
  2 leopard gecko skeletons (D:4)
  8 rats
258 creatures vanquished.

Vanquished Creatures (others)
  A bullfrog skeleton (D:7)
  2 plants (D:8)
3 creatures vanquished.

Grand Total: 261 creatures vanquished

Notes
Turn   | Place    | Note
-------+----------+-------------------------------------------
     0 | D:1      | hilaritas the Troll Berserker began the quest for the Orb.
     0 | D:1      | Reached XP level 1. HP: 22/22 MP: 0/0
   323 | D:1      | Reached XP level 2. HP: 29/29 MP: 1/1
   932 | D:2      | Reached XP level 3. HP: 25/36 MP: 2/2
   981 | D:2      | Reached ** piety under Trog
  1025 | D:2      | Reached skill level 4 in Unarmed Combat
  1113 | D:2      | Noticed Natasha
  1122 | D:2      | Killed Natasha
  1122 | D:2      | Reached XP level 4. HP: 45/45 MP: 3/3
  1320 | D:2      | Noticed Natasha
  1332 | D:2      | Killed Natasha
  1493 | D:2      | Noticed Natasha
  1497 | D:2      | Killed Natasha
  1497 | D:2      | Reached skill level 5 in Unarmed Combat
  1627 | D:2      | Noticed Sigmund
  1634 | D:2      | Killed Sigmund
  1634 | D:2      | Reached skill level 6 in Unarmed Combat
  1634 | D:2      | Reached XP level 5. HP: 38/53 MP: 4/4
  1634 | D:2      | Reached XP level 6. HP: 44/61 MP: 5/5
  1751 | D:2      | Found a runed door.
  1783 | D:2      | Noticed Crazy Yiuf
  1786 | D:2      | Killed Crazy Yiuf
  1878 | D:3      | Found a transporter.
  1996 | D:3      | Found a transporter.
  2112 | D:3      | Found a faded altar of an unknown god.
  2232 | D:3      | Found a hazy altar of Hepliaklqana.
  2285 | D:3      | Reached *** piety under Trog
  2318 | D:3      | Reached skill level 7 in Unarmed Combat
  2843 | D:4      | Found a glowing silver altar of Zin.
  2858 | D:4      | Reached XP level 7. HP: 67/67 MP: 6/6
  2873 | D:4      | Noticed Robin
  2929 | D:4      | Killed Robin
  3125 | D:4      | Reached skill level 8 in Unarmed Combat
  3317 | D:4      | Reached **** piety under Trog
  3584 | D:5      | Entered Level 5 of the Dungeon
  3594 | D:5      | Found a deep blue altar of Sif Muna.
  3598 | D:5      | Reached skill level 9 in Unarmed Combat
  3630 | D:5      | Found a glowing drain.
  3652 | Sewer    | Entered a sewer
  3667 | Sewer    | Reached XP level 8. HP: 75/78 MP: 7/7
  3745 | Sewer    | Noticed Purgy
  3751 | Sewer    | Killed Purgy
  3842 | D:5      | You fall through a shaft!
  4335 | D:6      | Reached skill level 10 in Unarmed Combat
  4500 | D:6      | Reached skill level 1 in Armour
  5266 | D:7      | Found a bloodstained altar of Trog.
  5441 | D:7      | Found a burning altar of Makhleb.
  5442 | D:7      | Found a shimmering altar of Xom.
  5445 | D:7      | Reached XP level 9. HP: 85/85 MP: 8/8
  5462 | D:7      | Found a blossoming altar of Fedhas.
  5480 | D:7      | Reached ***** piety under Trog
  5490 | D:7      | Reached skill level 5 in Fighting
  5605 | D:7      | Found Unogy's Food Emporium.
  5843 | D:7      | Found a staircase to the Ecumenical Temple.
  6049 | D:8      | Found a staircase to the Lair.
  6049 | D:8      | Noticed a two-headed ogre
  6110 | D:7      | Reached skill level 5 in Dodging
  6552 | D:8      | Killed a two-headed ogre
  6552 | D:8      | Reached XP level 10. HP: 40/100 MP: 9/9
  6677 | D:8      | Noticed a two-headed ogre
  6690 | D:8      | Killed a two-headed ogre
  6745 | D:8      | Noticed AdmiralAndromeda's ghost (novice HaHu)
  6752 | D:8      | Killed AdmiralAndromeda's ghost
  7529 | D:9      | Got a wavering granite ring
  7533 | D:9      | Identified the ring "Mublys" {Ice Str+6 Int-4 Slay-4 SInv} (You took it off an orc wizard on level 9 of the Dungeon)
  7796 | D:9      | Noticed a two-headed ogre
  7801 | D:9      | Killed a two-headed ogre
  7801 | D:9      | Reached skill level 5 in Armour
  7911 | D:9      | Noticed Gastronok
  7932 | D:9      | HP: 5/105 [killer bee (12)]
  7934 | D:9      | Mangled by a killer bee

Skill      XL: |  1  2  3  4  5  6  7  8  9 10 |
---------------+-------------------------------+-----
Unarmed Combat | 4 6 7 9 10 | 10.0
Fighting       | 3 4 6 8 |  8.3
Dodging        | 4 6 7 |  7.4
Armour         | 2 4 5 |  5.2

Action                   |  1- 3 |  4- 6 |  7- 9 | 10-12 || total
-------------------------+-------+-------+-------+-------++-------
Melee: Unarmed           |   102 |   130 |   310 |   208 ||   750
       Punch             |     2 |     3 |     7 |     6 ||    18
Throw: Tomahawk          |       |     2 |       |       ||     2
       Large rock        |       |       |    12 |     1 ||    13
Invok: Berserk           |       |     1 |     3 |     3 ||     7
       Trog's Hand       |       |       |     2 |     4 ||     6
  Use: Scroll            |       |     6 |     7 |     1 ||    14
       Potion            |       |       |     1 |     1 ||     2
  Eat: Chunk             |    16 |    17 |    36 |    17 ||    86
Armor: Animal skin       |    40 |    45 |    75 |    34 ||   194
Dodge: Dodged            |    61 |    56 |   155 |   136 ||   408
